 Dungeon Crawl Stone Soup version 0.32-a0-893-gf85d74f360 (webtiles) character file.

Game seed: 10751458931131067597

1353 Bobit the Cruncher (level 8, -1/58 HPs)
             Began as a Gnoll Wanderer on Apr 4, 2024.
             Was a Believer of Fedhas.
             Slain by a steam dragon (3 damage)
             ... on level 6 of the Dungeon.
             The game lasted 00:11:51 (4967 turns).

Bobit the Cruncher (Gnoll Wanderer)                 Turns: 4967, Time: 00:11:52

Health: -1/58      AC: 13    Str: 15    XL:     8   Next: 63%
Magic:  17/17      EV:  4    Int: 10    God:    Fedhas [**....]
Gold:   353        SH:  0    Dex: 12    Spells: 19/19 levels left

rFire   . . .        C - +3 hand axe (freeze)
rCold   . . .        (no shield)
rNeg    . . .        i - +0 plate armour
rPois   +            (no helmet)
rElec   .            p - +0 cloak
rCorr   .            (no gloves)
SInv    +            (no boots)
Will    .....        (no amulet) Stlth
                     j - ring of see invisible
HPRegen 0.29/turn    e - ring of poison resistance
MPRegen 0.15/turn

%: no passive effects
@: no status effects
A: fangs 1, strong nose, distributed training
a: Renounce Religion, Wall of Briars


You were on level 6 of the Dungeon.
You worshipped Fedhas.
Fedhas was pleased with you.
You visited 1 branch of the dungeon, and saw 6 of its levels.

You collected 353 gold pieces.

Inventory:

Hand Weapons
 a - a +2 quarterstaff
 v - a +2 whip of electrocution
 C - a +3 hand axe of freezing (weapon)
Missiles
 s - 2 throwing nets (quivered)
Armour
 c - a +0 ring mail
 i - a +0 plate armour (worn)
 p - a +0 cloak (worn)
Jewellery
 e - a ring of poison resistance (right hand)
 j - a ring of see invisible (left hand)
Talismans
 A - a serpent talisman
Wands
 n - a wand of warping (27)
 u - a wand of digging (5)
Scrolls
 d - 2 scrolls of fog
 f - 6 scrolls of identify {unknown}
 g - a scroll of revelation {unknown}
 h - 4 scrolls of blinking {unknown}
 k - a scroll of enchant armour {unknown}
 q - a scroll of teleportation {unknown}
 w - 2 scrolls of amnesia {unknown}
 y - 2 scrolls of enchant weapon {unknown}
 z - a scroll of poison {unknown}
 B - a scroll of noise {unknown}
Potions
 b - 5 potions of curing
 l - 2 potions of invisibility {unknown}
 m - 2 potions of cancellation {unknown}
 o - 3 potions of enlightenment {unknown}
 r - 2 potions of berserk rage {unknown}
 t - 4 potions of heal wounds {unknown}
 x - a potion of brilliance {unknown}
 D - a potion of haste {unknown}


   Skills:
 + Level 3.5 Fighting
 + Level 3.5 Short Blades
 + Level 3.5 Long Blades
 + Level 3.5 Axes
 + Level 3.5 Maces & Flails
 + Level 3.5 Polearms
 + Level 9.3 Staves
 + Level 3.5 Ranged Weapons
 + Level 4.4 Throwing
 + Level 5.9 Armour
 + Level 3.5 Dodging
 + Level 4.3 Stealth
 + Level 3.5 Shields
 + Level 3.5 Unarmed Combat
 + Level 6.2 Spellcasting
 + Level 2.9 Conjurations
 + Level 2.9 Hexes
 + Level 2.9 Summonings
 + Level 2.9 Necromancy
 + Level 2.9 Translocations
 + Level 2.9 Fire Magic
 + Level 2.9 Ice Magic
 + Level 2.9 Air Magic
 + Level 2.9 Earth Magic
 + Level 2.9 Alchemy
 + Level 3.9 Invocations
 + Level 3.5 Evocations
 + Level 3.2 Shapeshifting


You had 19 spell levels left.
You didn't know any spells.
Your spell library contained the following spells:

 Spells                   Type           Power      Damage    Failure   Level
 Slow                     Hex            36%        N/A       98%         1
 Confusing Touch          Hex            9%         N/A       100%        3
 Frozen Ramparts          Ice            18%        1d3       100%        3
 Ozocubu's Armour         Ice            9%         N/A       100%        3
 Sigil of Binding         Hex            9%         N/A       100%        3
 Vampiric Draining        Necr           9%         2d6       100%        3
 Metabolic Englaciation   Hex/Ice        4%         N/A       100%        5
 Death Channel            Necr           4%         N/A       100%        6
 Sculpt Simulacrum        Ice/Alch       4%         N/A       100%        6


Dungeon Overview and Level Annotations

Branches:
Dungeon (6/15)
 Temple: D:4-7

Altars:
Cheibriados
Fedhas
Trog


Innate Abilities, Weirdness & Mutations

You have very sharp teeth.
Your uncanny sense of smell can sniff out nearby items.
Your experience applies equally to all skills.


Message History

The steam dragon is severely wounded.
You are engulfed in a cloud of scalding steam.
The steam dragon barely misses you.
The steam dragon claws you but does no damage.
You hit the steam dragon but do no damage.
Your bite misses the steam dragon.
The steam dragon is severely wounded.
You are engulfed in a cloud of scalding steam.
The steam dragon bites you but does no damage.
The steam dragon claws you but does no damage.
You are too injured to fight recklessly!
You are too injured to fight recklessly!
The steam dragon bites you but does no damage.
The steam dragon claws you but does no damage.
You barely miss the steam dragon.
The steam dragon is heavily wounded.
The steam dragon bites you but does no damage.
The steam dragon claws you but does no damage.
The steam dragon breathes steam at you. The ball of steam hits you.
You hit the steam dragon but do no damage.
The steam dragon is heavily wounded.
You are engulfed in a cloud of scalding steam.
The steam dragon bites you. The steam dragon completely misses you.
The steam dragon bites you.
* * * LOW HITPOINT WARNING * * *
The steam dragon claws you but does no damage.
You barely miss the steam dragon. Your bite misses the steam dragon.
The steam dragon is heavily wounded.
The steam dragon bites you but does no damage.
The steam dragon claws you but does no damage.
You hit the steam dragon. You freeze the steam dragon.
You bite the steam dragon.
The steam dragon is almost dead.
The steam dragon breathes steam at you. The ball of steam hits you!
* * * LOW HITPOINT WARNING * * *
The steam dragon bites you.
You die...
Fedhas appreciates your contribution to the ecosystem.

#..## #..<# ##.....
##..# #...## #.....
#..####...# ##....
##..####..####....
#................
####................
#.§#..#############.
#§§§.## # ##§@##
#D.# ∆ #..#.#
.....### #.....##
#####. #. #.


You could see a steam dragon (catching breath).

Vanquished Creatures
  Grinder (D:3)
  Sigmund (D:3)
  A water moccasin (D:6)
  A black bear (D:6)
  2 ogres (D:5)
  A phantom (D:5)
  A scorpion (D:5)
  4 hounds
  2 orc priests (D:4)
  A bombardier beetle (D:5)
  An orc wizard (D:5)
  Terence (D:2)
  2 iguanas
  6 adders
  2 ufetubi (D:4)
  2 ribbon worms
  5 dart slugs
  9 orcs
  2 endoplasms
  9 giant cockroaches
  6 goblins
  5 hobgoblins
  4 jackals (D:1)
  13 kobolds
  3 quokkas
  5 ball pythons
  8 bats
  6 frilled lizards
  3 rats
107 creatures vanquished.

Notes
Turn   | Place    | Note
-------+----------+-------------------------------------------
     0 | D:1      | Bobit the Gnoll Wanderer began the quest for the Orb.
     0 | D:1      | Bobit set off with the following items: a +2 quarterstaff,
                  | a potion of curing, a +0 ring mail, a scroll of fog.
     0 | D:1      | Reached XP level 1. HP: 13/13 MP: 6/6
   313 | D:1      | Reached XP level 2. HP: 19/19 MP: 7/7
   452 | D:1      | Reached skill level 5 in Spellcasting
   452 | D:1      | Reached XP level 3. HP: 25/25 MP: 7/9
   601 | D:1      | Reached skill level 1 in Invocations
  1168 | D:2      | Reached skill level 1 in Fighting
  1168 | D:2      | Reached skill level 1 in Short Blades
  1168 | D:2      | Reached skill level 1 in Long Blades
  1168 | D:2      | Reached skill level 1 in Axes
  1168 | D:2      | Reached skill level 1 in Maces & Flails
  1168 | D:2      | Reached skill level 1 in Polearms
  1168 | D:2      | Reached skill level 1 in Ranged Weapons
  1168 | D:2      | Reached skill level 1 in Dodging
  1168 | D:2      | Reached skill level 1 in Shields
  1168 | D:2      | Reached skill level 1 in Unarmed Combat
  1168 | D:2      | Reached skill level 1 in Evocations
  1300 | D:2      | Reached skill level 1 in Shapeshifting
  1300 | D:2      | Reached XP level 4. HP: 32/32 MP: 11/11
  1437 | D:2      | Found a blossoming altar of Fedhas.
  1444 | D:2      | Noticed Terence
  1453 | D:2      | Killed Terence
  1454 | D:2      | Reached skill level 1 in Conjurations
  1454 | D:2      | Reached skill level 1 in Hexes
  1454 | D:2      | Reached skill level 1 in Summonings
  1454 | D:2      | Reached skill level 1 in Necromancy
  1454 | D:2      | Reached skill level 1 in Translocations
  1454 | D:2      | Reached skill level 1 in Fire Magic
  1454 | D:2      | Reached skill level 1 in Ice Magic
  1454 | D:2      | Reached skill level 1 in Air Magic
  1454 | D:2      | Reached skill level 1 in Earth Magic
  1454 | D:2      | Reached skill level 1 in Alchemy
  1468 | D:2      | Became a worshipper of Fedhas Madash
  1863 | D:3      | Noticed Sigmund
  1886 | D:3      | Killed Sigmund
  1887 | D:3      | Reached skill level 5 in Armour
  1887 | D:3      | Reached XP level 5. HP: 27/38 MP: 12/12
  1887 | D:3      | Reached XP level 6. HP: 31/44 MP: 14/14
  2044 | D:3      | Found a bloodstained altar of Trog.
  2111 | D:3      | Reached * piety under Fedhas
  2343 | D:3      | Noticed Grinder
  2350 | D:3      | Killed Grinder
  2351 | D:3      | Reached XP level 7. HP: 38/51 MP: 15/15
  3204 | D:4      | Found a blossoming altar of Fedhas.
  3663 | D:5      | Entered Level 5 of the Dungeon
  3690 | D:5      | Reached skill level 9 in Staves
  4027 | D:5      | Reached ** piety under Fedhas
  4028 | D:5      | Reached XP level 8. HP: 55/58 MP: 16/16
  4217 | D:5      | Found a snail-covered altar of Cheibriados.
  4966 | D:6      | HP: 2/58 [steam dragon/ball of steam (16)]
  4967 | D:6      | Slain by a steam dragon

Illustrated notes

Levels and vault maps discovered:
D:1:      lightli_arrival_farm, layout_basic, lexackson_kobold_supper
D:2:      layout_loops_ring, basic_altar, kennysheep_potato, uniq_terence
D:3:      layout_loops_cross, mainiacjoe_overflow_small_starburst,
          minmay_fountain_box, uniq_sigmund, uniq_grinder
D:4:      layout_gridville, fedhas_altar_1
D:5:      layout_cave_pools, slow_altar_2
D:6:      layout_cave_pods, riverfiend_overflow_shadow_ancestor,
          jmf_multi_god_temple, temple_fountains, uniq_prince_ribbit1

Skill      XL: |  1  2  3  4  5  6  7  8 |
---------------+-------------------------+-----
Spellcasting   | 5 6 |  6.2
Invocations    | 1 2 3 |  3.9
Fighting       | 1 2 3 |  3.5
Short Blades   | 1 2 3 |  3.5
Long Blades    | 1 2 3 |  3.5
Axes           | 1 2 3 |  3.5
Maces & Flails | 1 2 3 |  3.5
Polearms       | 1 2 3 |  3.5
Ranged Weapons | 1 2 3 |  3.5
Dodging        | 1 2 3 |  3.5
Shields        | 1 2 3 |  3.5
Unarmed Combat | 1 2 3 |  3.5
Evocations     | 1 2 3 |  3.5
Shapeshifting  | 1 2 3 |  3.2
Conjurations   | 1 2 |  2.9
Hexes          | 1 2 |  2.9
Summonings     | 1 2 |  2.9
Necromancy     | 1 2 |  2.9
Translocations | 1 2 |  2.9
Fire Magic     | 1 2 |  2.9
Ice Magic      | 1 2 |  2.9
Air Magic      | 1 2 |  2.9
Earth Magic    | 1 2 |  2.9
Alchemy        | 1 2 |  2.9
Throwing       | 3 4 |  4.4
Armour         | 5 |  5.9
Stealth        | 3 4 |  4.3
Staves         | 9 |  9.3

Action                     |  1- 3 |  4- 6 |  7- 9 || total
---------------------------+-------+-------+-------++-------
  Melee: Quarterstaff      |    98 |    62 |    83 ||   243
         Bite              |    12 |     5 |    21 ||    38
         Whip              |       |       |    31 ||    31
         Hand axe          |       |       |    46 ||    46
  Evoke: Wand              |       |       |     2 ||     2
 Armour: Ring mail         |    40 |       |       ||    40
         Plate armour      |    24 |    53 |   216 ||   293
  Dodge: Dodged            |    44 |    15 |    55 ||   114

Table legend: (Time is in decaauts)
 A = Elapsed time spent in this place.
 B = Non-inter-level travel time spent in this place.
 C = Inter-level travel time spent in this place.
 D = Time resting spent in this place.
 E = Time spent auto-exploring this place.
 F = Levels seen in this place.
 G = Mean time per level.
                   A        B        C        D        E       F      G
               +--------+--------+--------+--------+--------+-----+--------+
         Total |   4968 |   4520 |    448 |      0 |   3779 |   6 |  828.0 |
       Dungeon |   4968 |   4520 |    448 |      0 |   3779 |   6 |  828.0 |
               +--------+--------+--------+--------+--------+-----+--------+

Top non-repeatable levels by time:
     D:4: 1048 daAuts
     D:1: 1036 daAuts
     D:2: 967 daAuts
     D:5: 902 daAuts
     D:3: 815 daAuts
     D:6: 198 daAuts
